 Dungeon Crawl Stone Soup version 0.19-a0-607-g42021f0 (webtiles) character file.

5941 pk666 the Cleaver (level 10, -6/93 HPs)
             Began as a Minotaur Berserker on June 12, 2016.
             Was a High Priest of Trog.
             Killed from afar by a gargoyle (9 damage)
             ... with a stone arrow
             ... on level 8 of the Dungeon.
             The game lasted 00:18:12 (7769 turns).

pk666 the Cleaver (Minotaur Berserker)              Turns: 7769, Time: 00:18:13

Health: -6/93      AC: 10    Str: 26    XL:     10   Next: 54%
Magic:  9/9        EV: 14    Int:  4    God:    Trog [*****.]
Gold:   545        SH:  0    Dex:  9    Spells: 0 memorised, 9 levels left

rFire  x . .     SeeInvis .     x - +0 war axe
rCold  + . .     Gourm    .     a - +0 scale mail
rNeg   . . .     Faith    .     (no shield)
rPois  .         Spirit   .     (helmet restricted)
rElec  .         Dismiss  .     (no cloak)
rCorr  .         Reflect  .     s - +0 pair of gloves (curse)
SustAt .         Harm     .     (no boots)
MR     +....                    (no amulet)
Stlth  ..........               L - ring of ice
                                B - ring of protection from magic

@: exhausted, slowed, very slow, somewhat resistant to hostile enchantments,
extremely unstealthy
A: retaliatory headbutt, horns 2
a: Berserk, Trog's Hand, Brothers in Arms, Burn Spellbooks, Renounce Religion


You were on level 8 of the Dungeon.
You worshipped Trog.
Trog was extremely pleased with you.
You were very hungry.

You visited 1 branch of the dungeon, and saw 8 of its levels.

You collected 545 gold pieces.

Inventory:

Hand Weapons
 x - a +0 war axe (weapon)
Armour
 a - a +0 scale mail (worn)
 s - a cursed +0 pair of gloves (worn)
Jewellery
 B - a ring of protection from magic (left hand)
 D - an uncursed ring of resist corrosion
 H - an uncursed ring of protection from magic
 L - a ring of ice (right hand)
 M - a cursed ring of fire {unknown}
 P - an uncursed ring of sustain attributes {unknown}
Wands
 t - a wand of digging (1/24)
 v - a wand of random effects (22/48)
 w - a wand of digging (12/24)
 z - a wand of polymorph (4/24)
 C - a wand of paralysis (14/24)
 F - a wand of paralysis (6/24)
 I - a wand of confusion (26/48)
 N - a wand of polymorph (12/24)
 O - a wand of flame (29/48)
Scrolls
 b - 2 scrolls of fear {unknown}
 e - 4 scrolls of remove curse {unknown}
 i - 3 scrolls of teleportation {unknown}
 k - 4 scrolls of identify {unknown}
 n - a scroll of fog {unknown}
 q - 2 scrolls of enchant armour {unknown}
 u - 3 scrolls of random uselessness {unknown}
 y - 2 scrolls of recharging {unknown}
 G - a scroll of noise {unknown}
 K - a scroll of torment {unknown}
 R - a scroll of holy word {unknown}
Potions
 d - 2 potions of cure mutation {unknown}
 g - 3 potions of brilliance {unknown}
 h - 2 potions of might {unknown}
 j - 3 potions of curing {unknown}
 l - a potion of flight {unknown}
 m - 4 potions of mutation {unknown}
 r - a potion of agility {unknown}
 A - a potion of heal wounds {unknown}
 E - a potion of ambrosia {unknown}
 J - a potion of degeneration {unknown}
Comestibles
 c - 7 bread rations
 f - 2 beef jerkies
 o - 18 fruits
 p - 3 meat rations
 Q - 6 chunks of flesh


   Skills:
 + Level 10.2 Fighting
 + Level 10.2 Axes
 + Level 9.7 Armour
 + Level 9.1 Dodging


You had 9 spell levels left.
You didn't know any spells.

Dungeon Overview and Level Annotations

Branches:
Dungeon (8/15)             Temple (0/1) D:4
   Lair: D:8-11

Altars:
Ashenzari
Pakellas
Qazlal
Sif Muna
Yredelemnul

Shops:
D:5 =

Annotations:
D:6 1 runed door


Innate Abilities, Weirdness & Mutations

You reflexively headbutt those who attack you in melee.
You have a pair of horns on your head.


Message History

The gargoyle hits you with a flail.
* * * LOW HITPOINT WARNING * * *
You hit the gargoyle but do no damage.
You headbutt the gargoyle, but do no damage.
The gargoyle is severely damaged.
The gargoyle hits you but does no damage.
Okay, then.
Okay, then.
Your ogre goes berserk!
You are feeling very hungry.
The gargoyle hits you with a flail!
* * * LOW HITPOINT WARNING * * *
Your ogre barely misses the centaur warrior.
The gargoyle misses you.
You see here a hound corpse.
Your ogre hits the centaur warrior with a giant spiked club!!
Your ogre completely misses the centaur warrior.
The gargoyle hurls a stone arrow at you.
The stone arrow hits you!
You die...

####.####
#.##..#.##
#.##.##.###.##....#
#....†...'..##.#..#
#(##.##.##.......>#
####.##############
#...# # ####.## #
#%##.##.##)##.#
#....Oc9.@.(..#
#.##.##.##.##$# #
####.# # %.. #####


You could see a centaur warrior, a gargoyle and a friendly ogre (berserk).

Vanquished Creatures
  A hill giant (D:8)
  The ghost of tstbtto the Spear-Bearer, a novice CeGl (D:6)
  An oklob plant (D:6)
  A kobold demonologist (D:8)
  Prince Ribbit (D:8)
  Grinder (D:6)
  A slime creature (D:8)
  Sigmund (D:5)
  A hungry ghost (D:7)
  A water moccasin (D:6)
  2 ice beasts
  4 orc warriors
  3 sky beasts
  A black bear (D:7)
  A phantom (D:5)
  An ogre (D:8)
  4 centaurs
  A big kobold (D:8)
  The ghost of Stormphoenix the Covert, an amateur SpAs (D:3)
  3 giant frogs
  A water moccasin zombie (D:8)
  A wyvern skeleton (D:6)
  5 scorpions
  A killer bee (D:6)
  3 crimson imps (D:7)
  A hound (D:8)
  A giant frog skeleton (D:6)
  4 orc priests
  2 jellies
  An iguana (D:5)
  Natasha (thrice) (D:3)
  7 orc wizards
  12 worker ants
  2 hound skeletons (D:8)
  Robin (D:4)
  15 adders
  6 gnolls
  2 shadow imps
  2 oozes
  An adder zombie (D:5)
  An adder skeleton (D:4)
  A worm (D:5)
  3 dart slugs
  6 giant geckos
  22 orcs
  2 ball pythons
  7 giant cockroaches
  18 goblins
  12 hobgoblins
  13 jackals
  5 quokkas
  6 bats
  2 giant gecko skeletons
  A giant gecko zombie (D:7)
  4 giant newts
  A jackal skeleton (D:4)
  6 kobolds
  7 rats
  A butterfly (D:6)
220 creatures vanquished.

Vanquished Creatures (others)
  A plant (D:6)
1 creature vanquished.

Grand Total: 221 creatures vanquished

Notes
Turn   | Place    | Note
--------------------------------------------------------------
     0 | D:1      | pk666 the Minotaur Berserker began the quest for the Orb.
     0 | D:1      | Reached XP level 1. HP: 19/19 MP: 0/0
   177 | D:1      | Reached XP level 2. HP: 23/27 MP: 1/1
   525 | D:1      | Reached ** piety under Trog
   525 | D:1      | Reached XP level 3. HP: 32/33 MP: 2/2
  1444 | D:2      | Reached XP level 4. HP: 38/40 MP: 3/3
  1567 | D:2      | Found an oddly glowing altar of Pakellas.
  1951 | D:3      | Noticed Natasha
  1960 | D:3      | Killed Natasha
  1960 | D:3      | Reached *** piety under Trog
  2280 | D:3      | Reached XP level 5. HP: 46/47 MP: 4/4
  2301 | D:3      | Noticed Stormphoenix's ghost (amateur SpAs)
  2314 | D:3      | Killed Stormphoenix's ghost
  2314 | D:3      | Reached skill level 5 in Axes
  2542 | D:3      | Noticed Natasha
  2551 | D:3      | Killed Natasha
  2551 | D:3      | Reached skill level 5 in Fighting
  2648 | D:3      | Noticed Natasha
  2653 | D:3      | Killed Natasha
  2653 | D:3      | Reached XP level 6. HP: 40/56 MP: 5/5
  2783 | D:3      | Found a basalt altar of Yredelemnul.
  2788 | D:3      | Found a stormy altar of Qazlal.
  2795 | D:3      | Found a shattered altar of Ashenzari.
  3225 | D:4      | Noticed Robin
  3232 | D:4      | Reached **** piety under Trog
  3235 | D:4      | Killed Robin
  3521 | D:4      | Found a staircase to the Ecumenical Temple.
  3603 | D:4      | Reached XP level 7. HP: 47/62 MP: 6/6
  3606 | D:4      | Reached skill level 5 in Armour
  4218 | D:5      | Entered Level 5 of the Dungeon
  4222 | D:5      | Noticed Sigmund
  4226 | D:5      | Killed Sigmund
  4226 | D:5      | Reached skill level 5 in Dodging
  4461 | D:5      | Reached XP level 8. HP: 57/71 MP: 7/7
  4741 | D:5      | Found Fitil's Jewellery Shoppe.
  5188 | D:6      | Found a deep blue altar of Sif Muna.
  5189 | D:6      | Noticed an oklob plant
  5206 | D:6      | Killed an oklob plant
  5686 | D:6      | Noticed Grinder
  5695 | D:6      | Killed Grinder
  5695 | D:6      | Reached XP level 9. HP: 81/81 MP: 8/8
  5730 | D:6      | Found a runed door.
  5745 | D:6      | Reached ***** piety under Trog
  5761 | D:6      | Found a runed door.
  5819 | D:6      | Noticed tstbtto's ghost (novice CeGl)
  5832 | D:6      | Killed tstbtto's ghost
  6901 | D:7      | Reached XP level 10. HP: 91/91 MP: 9/9
  7502 | D:8      | Noticed Prince Ribbit
  7517 | D:8      | Killed Prince Ribbit
  7744 | D:8      | Noticed a hill giant
  7746 | D:8      | Noticed a centaur warrior
  7750 | D:8      | Noticed a sun demon
  7750 | D:8      | Killed a hill giant
  7750 | D:8      | Reached skill level 10 in Fighting
  7750 | D:8      | Reached skill level 10 in Axes
  7759 | D:8      | Noticed a gargoyle
  7766 | D:8      | HP: 2/93 [gargoyle/flail (13)]
  7769 | D:8      | Killed from afar by a gargoyle

Vault maps used:
D:1:      minmay_arrival_doors
D:2:      johnstein_pakellas_dig, supply_closet_lemuel, minivault_11,
          dk_vineyard_3
D:3:      minitemple, first_bread, uniq_natasha
D:4:      minmay_temple_entry_enclosed_plants, uniq_robin
D:5:      serial_shops, shop, nrook_pool_corridor, uniq_sigmund
D:6:      lemuel_insect_pit, glass_columns_c, lemuel_oklob_altar, uniq_grinder
D:8:      hangedman_cross_veins, gammafunk_temple_overflow_wave,
          lightli_minifort, uniq_prince_ribbit1, uniq_grum

Skill      XL: |  1  2  3  4  5  6  7  8  9 10 |
---------------+-------------------------------+-----
Armour         | 3 4 5 7 8 9 |  9.7
Axes           | 4 5 6 8 9 10 | 10.2
Fighting       | 4 5 6 7 9 10 | 10.2
Dodging        | 3 4 5 6 8 9 |  9.1

Action                   |  1- 3 |  4- 6 |  7- 9 | 10-12 || total
-------------------------+-------+-------+-------+-------++-------
Melee: Hand axe          |    87 |    84 |       |       ||   171
       Headbutt          |    14 |    22 |    57 |    18 ||   111
       War axe           |       |    49 |   234 |    87 ||   370
Invok: Berserk           |       |     5 |     8 |     1 ||    14
       Burn Spellbooks   |       |       |     1 |       ||     1
       Brothers in Arms  |       |       |       |     1 ||     1
 Stab: Distracted        |       |       |     1 |       ||     1
  Eat: Chunk             |     1 |    12 |    19 |     4 ||    36
       Fruit             |       |       |     1 |       ||     1
Armor: Animal skin       |     8 |    23 |       |       ||    31
       Scale mail        |       |     2 |    61 |    24 ||    87
Dodge: Dodged            |    49 |    83 |   149 |    43 ||   324
